 Dungeon Crawl Stone Soup version 0.29-a0-1065-g47a6bb87d6 (webtiles) character file.

Game seed: 12492504443909164080

384227 micr0chasm the Slayer (level 23, -2/185 (207) HPs)
             Began as a Merfolk Gladiator on Aug 15, 2022.
             Was a High Priest of Makhleb.
             Shot with an arrow by a deep elf master archer (24 damage)
             ... on level 3 of the Elven Halls on Aug 18, 2022.
             The game lasted 02:56:09 (52105 turns).

micr0chasm the Slayer (Merfolk Gladiator)          Turns: 52105, Time: 02:56:09

HP:   -2/185 (207)  AC: 29    Str: 16    XL:     23   Next: 26%
MP:   30/35         EV: 16    Int: 21    God:    Makhleb [*****.]
Gold: 3693          SH: 11    Dex: 21    Spells: 33/39 levels left

rFire   + + .      SeeInvis .   j - +8 mithril axe "Arga" {speed, Will+}
rCold   + . .      Faith    .   E - +3 warlock's mirror {reflect}
rNeg    . . .      Spirit   .   T - +6 fire dragon scales
rPois   +          Reflect  +   G - +2 helmet
rElec   .          Harm     .   g - +2 cloak {rPois}
rCorr   +          Rampage  .   Y - +2 pair of gloves of Trial and Error {Dex+6}
Will    +++..                   C - +0 pair of boots of the Caustic God {rC++ Will- rCorr}
Stlth   +.........              p - amulet of Hushrapa {Acrobat rCorr Int+4}
HPRegen 0.40/turn               r - ring of willpower
MPRegen 0.24/turn               h - ring "Nimucenu" {Will+ rCorr AC+4 Stlth+}

@: studying Shields, heavily drained
A: (nimble swimmer 2), mertail, deformed body, subdued magic 2
}: 1/15 runes: serpentine
a: Renounce Religion, Minor Destruction, Lesser Servant of Makhleb, Major
Destruction, Greater Servant of Makhleb


You were on level 3 of the Elven Halls.
You worshipped Makhleb.
Makhleb was extremely pleased with you.
You visited 9 branches of the dungeon, and saw 40 of its levels.
You also visited: Sewer, Gauntlet, Ice Cave and Wizlab.

You collected 6018 gold pieces.
You spent 2325 gold pieces at shops.

Inventory:

Hand Weapons
 j - the +8 mithril axe "Arga" (weapon) {speed, Will+}
   (You bought it in a shop on level 3 of the Snake Pit)

   Attacks with this weapon are significantly faster.
   Will:      It increases your willpower.
Missiles
 d - 3 throwing nets (quivered) {!f}
Armour
 g - a +2 cloak of poison resistance (worn)
   (You found it in an ice cave)
 C - the +0 pair of boots of the Caustic God (worn) {rC++ Will- rCorr}
   (You found it on level 2 of the Dungeon)

   rC:        It greatly protects you from cold.
   rCorr:     It protects you from acid and corrosion.
   Will:      It decreases your willpower.
 E - the +3 warlock's mirror (worn) {reflect}
   (You acquired it in an ice cave)

   It can block and reflect piercing ranged attacks and magical attacks against
   the wielder's willpower.
 G - a +2 helmet (worn)
   (You found it on level 4 of the Dungeon)
 T - +6 fire dragon scales (worn)
   (You found it on level 6 of the Dungeon)
 Y - the +2 pair of gloves of Trial and Error (worn) {Dex+6}
   (You bought it in a shop on level 2 of the Orcish Mines)

   Dex:       It affects your dexterity (+6).
Jewellery
 h - the ring "Nimucenu" (right hand) {Will+ rCorr AC+4 Stlth+}
   (You acquired it on level 5 of the Dungeon)

   [ring of protection]

   AC:        It affects your AC (+4).
   rCorr:     It protects you from acid and corrosion.
   Will:      It increases your willpower.
   Stlth:     It makes you more stealthy.
 o - the ring "Leweh" {rC+ rCorr Str+3 Dex+6 Stlth-}
   (You found it on level 3 of the Elven Halls)

   [ring of dexterity]

   Str:       It affects your strength (+3).
   Dex:       It affects your dexterity (+6).
   rC:        It protects you from cold.
   rCorr:     It protects you from acid and corrosion.
   Stlth:     It makes you less stealthy.
 p - the amulet of Hushrapa (around neck) {Acrobat rCorr Int+4}
   (You found it on level 1 of the Depths)

   [amulet of the acrobat]

   It increases your evasion while moving and waiting.
   Int:       It affects your intelligence (+4).
   rCorr:     It protects you from acid and corrosion.
 r - a ring of willpower (left hand)
   (You took it off a gnoll sergeant on level 11 of the Dungeon)
 z - a ring of see invisible
   (You found it on level 1 of the Dungeon)
 P - a ring of flight
   (You found it on level 3 of the Vaults)
 V - a ring of resist corrosion
   (You took it off a gnoll on level 13 of the Dungeon)
Wands
 t - a wand of flame (16)
   (You found it on level 2 of the Depths)
 v - a wand of digging (16)
   (You found it on level 11 of the Dungeon)
 x - a wand of acid (25)
   (You found it on level 11 of the Dungeon)
 y - a wand of roots (30)
   (You found it on level 1 of the Lair of Beasts)
 D - a wand of polymorph (2)
   (You found it on level 12 of the Dungeon)
 I - a wand of charming (23)
   (You found it on level 6 of the Dungeon)
 X - a wand of mindburst (23)
   (You found it on level 3 of the Lair of Beasts)
Scrolls
 a - 5 scrolls of immolation {!r}
 e - 2 scrolls of silence
 n - 9 scrolls of magic mapping
 q - 5 scrolls of poison
 w - a scroll of summoning
 F - 6 scrolls of vulnerability {!r}
 K - 6 scrolls of fear
 L - 10 scrolls of teleportation {@r4}
 M - 2 scrolls of blinking
 Q - 18 scrolls of identify {@r1}
 U - 5 scrolls of fog
Potions
 b - 4 potions of magic
 c - 3 potions of flight
 f - 9 potions of attraction {!q}
 i - a potion of ambrosia
 k - 12 potions of curing {@q1}
 l - 7 potions of brilliance
 m - 7 potions of might
 s - a potion of cancellation
 A - a potion of berserk rage
 B - 7 potions of invisibility
 H - 3 potions of resistance
 J - 7 potions of lignification {!q}
 O - 10 potions of haste {@q3}
Miscellaneous
 u - a box of beasts
   (You found it on level 2 of the Lair of Beasts)
 N - a condenser vane (inert)
   (You found it on level 11 of the Dungeon)
 R - a phantom mirror
   (You found it on level 2 of the Depths)
 W - a piece from Xom's chessboard (15/15)
   (You found it on level 11 of the Dungeon)
 Z - a tin of tremorstones (inert)
   (You found it on level 5 of the Lair of Beasts)


   Skills:
 - Level 23.2 Fighting
 - Level 17.7(18.0) Axes
 - Level 7.3(18.6) Polearms
 - Level 2.0 Throwing
 - Level 10.2 Armour
 - Level 12.5 Dodging
 - Level 11.3 Shields
 + Level 8.8 Spellcasting
 + Level 3.4 Air Magic
 + Level 11.2 Poison Magic
 - Level 14.6 Invocations
 - Level 11.4 Evocations


You had 33 spell levels left.
You knew the following spells:

 Your Spells              Type           Power      Damage    Failure   Level
x - Poisonous Vapours     Pois/Air       50%        N/A       1%          2
y - Olgreb's Toxic Radia  Pois           35%        N/A       1%          4

Your spell library contained the following spells:

 Spells                   Type           Power      Damage    Failure   Level
 Sting                    Tmut/Pois      80%        1d7       1%          1
 Shock                    Conj/Air       40%        1d5       11%         1
 Swiftness                Air            14%        N/A       16%         3
 Static Discharge         Conj/Air       10%        3-5/arc   17%         2
 Apportation              Tloc           10%        N/A       22%         1
 Foxfire                  Conj/Fire      20%        2x1d5     22%         1
 Freeze                   Ice            20%        1d4       22%         1
 Necrotise                Necr           20%        1d5       22%         1
 Sandblast                Erth           10%        2d5       22%         1
 Slow                     Hex            20%        N/A       22%         1
 Summon Small Mammal      Summ           20%        N/A       22%         1
 Corpse Rot               Necr/Pois/Air  18%        N/A       30%         4
 Passwall                 Tmut/Erth      4%         N/A       34%         2
 Airstrike                Air            7%         2d(1-17)  50%         4
 Confusing Touch          Hex            5%         N/A       58%         3
 Conjure Flame            Conj/Fire      5%         6-21      58%         3
 Dazzling Flash           Conj/Hex       10%        N/A       58%         3
 Frozen Ramparts          Ice            10%        1d2       58%         3
 Inner Flame              Hex/Fire       5%         N/A       58%         3
 Ozocubu's Armour         Ice            5%         N/A       58%         3
 Stone Arrow              Conj/Erth      10%        3d7       58%         3
 Vampiric Draining        Necr           5%         2d6       58%         3
 Animate Armour           Summ/Erth      10%        N/A       95%         4
 Cause Fear               Hex            2%         N/A       95%         4
 Flame Wave               Conj/Fire      5%         2d5       95%         4
 Hailstorm                Conj/Ice       5%         3d4       95%         4
 Ice Form                 Ice/Tmut       5%         N/A       95%         4
 Iskenderun's Mystic Bla  Conj/Tloc      5%         2d3       95%         4
 Lightning Bolt           Conj/Air       5%         1d17      98%         5
 Agony                    Necr           5%         N/A       100%        5
 Blade Hands              Tmut           2%         N/A       100%        5
 Fireball                 Conj/Fire      2%         3d4       100%        5
 Metabolic Englaciation   Hex/Ice        2%         N/A       100%        5
 Summon Forest            Summ/Tloc      2%         N/A       100%        5
 Iron Shot                Conj/Erth      2%         9d2       100%        6
 Simulacrum               Ice/Necr       2%         N/A       100%        6
 Starburst                Conj/Fire      2%         6d3       100%        6
 Discord                  Hex            2%         N/A       100%        8
 Maxwell's Capacitive Co  Air            7%         ∞         100%        8


Dungeon Overview and Level Annotations

Branches:
Dungeon (15/15)            Temple (1/1) D:6            Lair (5/5) D:9
  Swamp (4/4) Lair:3        Snake (4/4) Lair:2        Slime (0/5) Lair:4
    Orc (2/2) D:11            Elf (3/3) Orc:2        Vaults (4/5) D:13
  Crypt (0/3) Vaults:2     Depths (2/4) D:15          Sewer (visited)
  IceCv (visited)          WizLab (visited)         Gauntlet (visited)

Altars:
Ashenzari
Cheibriados
Dithmenos
Elyvilon
Fedhas
Gozag
Hepliaklqana
Kikubaaqudgha
Makhleb
Nemelex Xobeh
Okawaru
Qazlal
Ru
Sif Muna
Trog
Uskayaw
Vehumet
Wu Jian
Xom
Yredelemnul
Zin
The Shining One
Lugonu

Shops:
D:1 [   D:7 *   D:14 ?   Orc:1 =   Orc:2 (?([[   Elf:1 [   Elf:3 [**
Snake:3 (   Vaults:1 (   Vaults:3 !

Portals:
Hell: Depths:1 Depths:2
Abyss: Swamp:2
Pandemonium: Depths:2
Ziggurat: Depths:1
Trove: D:10 (show slimy rune of Zot)

Annotations:
D:7 3 runed translucent doors, ytrimaz's ghost, novice DsTm
D:12 Jorgrun; Nessos; Rupert
D:14 3 runed translucent doors, Jekitz's ghost, journeyman MiBe
Lair:2 2 transporters, exclusion: downstairs, pigah's ghost, journeyman OpAE
Lair:4 exclusion: downstairs
Swamp:4 Mara
Snake:3 Roxanne
Elf:2 3 runed translucent doors
Vaults:4 exclusion: 4 downstairs
Depths:2 2 runed translucent doors


Innate Abilities, Weirdness & Mutations

((You are very nimble when in or above water. (Stealth+, EV+, Speed+++)))
Your lower body shifts to a powerful aquatic tail in water.
Armour fits poorly on your strangely shaped body.
Your spells are easier to cast, but less powerful.


Message History

The air twists around and strikes the Executioner!
The Executioner hits you.
* * * LOW HITPOINT WARNING * * *
You block the Executioner's attack. The Executioner completely misses you.
Unknown command.
Your surroundings suddenly seem different.
You start resting.
A deep elf master archer comes into view.
It is quivering poisoned darts.
A deep elf master archer is nearby!
You start resting.
A deep elf master archer is nearby!
The deep elf master archer shouts!
The deep elf master archer wields a +0 longbow.
The deep elf master archer shoots an arrow.
The arrow hits you!
* * * LOW HITPOINT WARNING * * *
You begin to radiate toxic energy.
The deep elf master archer is poisoned.
The deep elf master archer shoots an arrow.
The arrow hits you!!
* * * LOW HITPOINT WARNING * * *
Okay, then.
You feel much better.
The deep elf master archer looks even sicker.
Your toxic aura wanes.
The deep elf master archer shoots an arrow.
You reflect the arrow off your +3 warlock's mirror {reflect}!
The arrow hits the deep elf master archer!
The deep elf master archer shoots an arrow.
The arrow hits you!
* * * LOW HITPOINT WARNING * * *
The deep elf master archer shoots an arrow.
You reflect the arrow off your +3 warlock's mirror {reflect}!
The arrow closely misses the deep elf master archer.
You feel much better.
The deep elf master archer shoots an arrow.
The arrow misses you.
The deep elf master archer shoots an arrow.
The arrow hits you!
* * * LOW HITPOINT WARNING * * *
You feel much better.
The deep elf master archer shoots an arrow.
The arrow hits you.
* * * LOW HITPOINT WARNING * * *
The deep elf master archer shoots an arrow.
The arrow hits you!!
* * * LOW HITPOINT WARNING * * *
You feel much better.
The deep elf master archer shoots an arrow.
The arrow hits you!!
You die...

####### #.....# ####
##.....## #).# #.......#
#... ##..[....## #...
#.........# #..)
##......@## #).. #......e#
###' ##'...).'##########
#. ##)#.....#.#.......# #)
######.####'####'.......##
#. ###...#'## #.#
#..e......# #. #.......#
#.# ##........<## #.
........# #.#
#.....).....# #. .#......#
#.# #...........# #.


You could see a deep elf master archer (poisoned).

Vanquished Creatures
  Saint Roka (Vaults:4)
  2 quicksilver dragons (Depths:2)
  A deep elf master archer (Elf:3)
  A lich (D:15)
  2 deep elf blademasters (Elf:3)
  Gastronok (Lair:2)
  A sphinx (Vaults:3)
  A storm dragon (D:11)
  A thorn hunter (Swamp:3)
  5 nagarajas (Snake:4)
  2 fire giants
  4 tengu reavers
  3 deep elf sorcerers
  Aizul (Snake:2)
  3 deep elf elementalists (Elf:3)
  3 frost giants
  A balrug (Depths:2)
  11 vault wardens
  A ghoul (Swamp:3)
  2 orc warlords (Vaults:2)
  A spriggan defender (Depths:2)
  A reaper (IceCv)
  9 ironbound preservers
  3 war gargoyles (Vaults:4)
  7 stone giants
  A vampire knight (Depths:2)
  4 very ugly things
  10 ironbound thunderhulks
  3 eleionomae
  3 dire elephants (Vaults:1)
  5 deep elf demonologists (Elf:3)
  3 entropy weavers
  4 deep elf annihilators
  A minotaur (Gauntlet)
  4 bunyips
  2 crystal guardians (Vaults:4)
  3 ettins (Depths:2)
  5 fire dragons
  6 deep elf death magi (Elf:3)
  Josephine (Orc:1)
  2 shambling mangroves (Swamp:4)
  3 ice dragons
  10 yaktaur captains
  Fannar (D:10)
  2 great orbs of eyes
  3 deep elf high priests
  12 vault guards
  A rakshasa (D:15)
  A salamander tyrant (Snake:4)
  5 boulder beetles
  2 catoblepae (Lair:5)
  4 hydras
  6 anacondas
  2 peacekeepers (Vaults:4)
  4 ironbound frosthearts
  3 ghost crabs
  6 two-headed ogres
  A spriggan air mage (Depths:2)
  7 centaur warriors
  13 naga warriors
  15 dancing weapons
  2 deep troll earth magi (Depths:1)
  2 alligators
  A deep troll shaman (Depths:2)
  Urug (D:11)
  2 orc high priests
  2 tengu warriors
  8 naga sharpshooters
  8 spriggan berserkers (Depths:2)
  A hell knight (Vaults:2)
  A sun demon (Depths:2)
  10 deep elf knights
  3 salamander mystics
  10 shock serpents
  A fire crab (shapeshifter) (D:11)
  A fire crab (Gauntlet)
  Lodul (D:12)
  4 iron trolls
  4 goliath frogs
  3 skeletal warriors
  36 deep trolls
  A bog body (Swamp:4)
  3 spriggan druids (Swamp:4)
  2 glowing orange brains
  22 deep elf archers
  2 ironbound convokers
  8 wizards
  8 naga ritualists
  4 lindwurms
  24 deep elf zephyrmancers
  6 swamp dragons
  17 orc knights
  A tengu zombie (Vaults:1)
  14 mana vipers
  3 necromancers
  5 cyclopes
  24 deep elf pyromancers
  2 orc sorcerers
  42 ugly things
  A manticore (shapeshifter) (Elf:2)
  A shining eye (Gauntlet)
  A wolf spider (D:15)
  37 slime creatures
  4 manticores
  2 will-o-the-wisps
  A stone giant zombie (Vaults:2)
  10 salamanders
  2 human zombies (Vaults:1)
  An elf zombie (Vaults:1)
  A guardian serpent (shapeshifter) (D:15)
  An ice statue (IceCv)
  A guardian serpent (Snake:2)
  41 black mambas
  17 elephants
  13 cane toads
  A torpor snail (Lair:3)
  13 naga magi
  10 vault sentinels
  A cane toad (shapeshifter) (D:13)
  A rime drake (shapeshifter) (Elf:1)
  A gargoyle (D:13)
  2 unseen horrors (D:11)
  A kobold demonologist (D:11)
  4 rime drakes
  2 freezing wraiths
  11 komodo dragons
  37 yaktaurs
  An efreet (D:13)
  A yaktaur skeleton (Vaults:2)
  2 ice devils (Depths:2)
  4 tengu conjurers
  A hellwing (Depths:2)
  A red devil (Depths:2)
  A polar bear (Lair:3)
  4 tyrant leeches
  3 meliai (D:15)
  8 trolls
  A queen bee (Gauntlet)
  A wind drake (shapeshifter) (D:14)
  26 blink frogs
  A tengu simulacrum (Vaults:2)
  Prince Ribbit (D:4)
  3 dream sheep (Lair:5)
  14 hornets
  6 wraiths
  4 dire elephant simulacra (IceCv)
  Sigmund (D:5)
  A jumping spider (Vaults:1)
  A wyvern (shapeshifter) (D:11)
  14 spriggans
  An air elemental (Elf:1)
  2 shadows (D:11)
  3 vampires
  5 wyverns
  A ynoxinul (Depths:2)
  A fire elemental (Elf:1)
  5 water elementals
  60 yaks
  A yak (shapeshifter) (Elf:2)
  3 basilisks
  4 humans (D:6)
  6 fire bats (Gauntlet)
  A neqoxec (Depths:2)
  Eustachio (D:4)
  11 vampire mosquitoes
  5 redbacks
  11 swamp worms
  2 wargs (Orc:2)
  Menkaure (D:5)
  2 death yak simulacra (IceCv)
  A glowing shapeshifter zombie (Vaults:2)
  Edmund (D:5)
  47 nagas
  3 acid dragons
  15 water moccasins
  A hydra simulacrum (Swamp:4)
  3 hell hounds (Gauntlet)
  2 floating eyes (Gauntlet)
  A glowing shapeshifter skeleton (Vaults:2)
  2 swamp drakes
  3 black bears
  38 orc warriors
  2 sky beasts
  An ice beast (D:7)
  11 ogres
  5 wolves (Lair:5)
  15 boggarts
  29 centaurs
  2 phantoms
  4 kobold brigands
  5 gnoll sergeants
  9 two-headed ogre simulacra (IceCv)
  3 earth elementals (Elf:3)
  3 scorpions
  10 bullfrogs
  A cane toad simulacrum (IceCv)
  5 necrophages
  8 wights
  An elephant simulacrum (IceCv)
  6 killer bees (Gauntlet)
  3 howler monkeys (D:7)
  14 orc priests
  2 jellies (D:7)
  2 hounds
  6 iguanas
  A gnoll bouda (D:9)
  21 orc wizards
  11 hell rats (Lair:3)
  3 polar bear simulacra (IceCv)
  7 spriggan simulacra (IceCv)
  3 troll simulacra (IceCv)
  18 gnolls
  21 adders
  5 naga simulacra (IceCv)
  4 river rats
  A shadow imp (D:8)
  20 white imps
  5 ufetubi
  4 worms
  75 orcs
  7 endoplasms
  5 giant cockroaches
  6 hobgoblins
  10 jackals
  18 kobolds
  A quokka (D:1)
  14 ball pythons
  6 bats
  5 frilled lizards
  11 goblins
  31 rats
  14 butterflies (Vaults:2)
  A pillar of salt (Vaults:1)
1551 creatures vanquished.

Vanquished Creatures (collateral kills)
  Bai Suzhen (Snake:3)
  Kirke (Snake:3)
  2 ghouls (Swamp:3)
  A quicksilver ooze (Lair:2)
  A very ugly thing (Depths:1)
  A deep elf demonologist (Elf:3)
  An eleionoma (Swamp:4)
  A bunyip (Swamp:1)
  A dire elephant (Lair:5)
  A deep elf annihilator (Elf:3)
  An orange crystal statue (WizLab)
  Snorg (D:13)
  2 deep elf death magi (Elf:3)
  An ice dragon (Depths:2)
  A boulder beetle (Lair:5)
  A peacekeeper (Vaults:4)
  A ghost crab (Swamp:3)
  11 hydras
  An anaconda (Snake:3)
  2 alligators (Swamp:3)
  A shock serpent (Snake:3)
  3 death yaks (Lair:5)
  An iron troll (Depths:2)
  A wolf spider (Lair:5)
  A manticore (Lair:5)
  An ugly thing (Depths:1)
  A guardian serpent (Lair:2)
  A black mamba (Snake:3)
  2 naga magi (Snake:3)
  Maggie (Lair:2)
  A troll (D:11)
  5 hornets
  A dire elephant simulacrum (IceCv)
  3 spriggans (Swamp:3)
  2 hogs (Snake:3)
  A harpy simulacrum (IceCv)
  3 nagas (Snake:3)
  A swamp worm (Swamp:4)
  A hydra simulacrum (IceCv)
  A swamp drake (Swamp:4)
  A water moccasin (Lair:3)
  6 wolves (Lair:1)
  A centaur (D:11)
  A bullfrog (Lair:1)
  An orc (Orc:2)
75 creatures vanquished.

Vanquished Creatures (others)
  A naga warrior (Snake:3)
  A swamp dragon (Swamp:2)
  An orc knight (Orc:2)
  2 deep elf pyromancers
  A mana viper (Snake:1)
  A cyclops (D:14)
  3 bloated husks
  A hornet (Swamp:3)
  A human (Snake:3)
  A wolf (Lair:5)
  10 foxfires
  34 fungi
  A lurking horror (Swamp:2)
  7 pillars of salt (Vaults:1)
  76 plants
141 creatures vanquished.

Grand Total: 1767 creatures vanquished

Notes
Turn   | Place    | Note
-------+----------+-------------------------------------------
     0 | D:1      | micr0chasm the Merfolk Gladiator began the quest for the
                  | Orb.
     0 | D:1      | Reached XP level 1. HP: 16/16 MP: 1/1
   251 | D:1      | Reached XP level 2. HP: 23/23 MP: 2/2
   426 | D:1      | Found Xeuvvit's Armour Shop.
   746 | D:1      | Found a faded altar of an unknown god.
   967 | D:1      | Reached skill level 5 in Polearms
   997 | D:1      | Reached XP level 3. HP: 26/28 MP: 3/3
  1522 | D:2      | Identified the +10 broad axe of Nuupyj {drain, Drain rF+
                  | Stlth+}
  1652 | D:2      | Reached skill level 1 in Armour
  1652 | D:2      | Reached XP level 4. HP: 30/34 MP: 4/4
  1806 | D:2      | Found a shimmering blue altar of Sif Muna.
  1955 | D:2      | Identified the +0 pair of boots of the Caustic God {rC++
                  | Will- rCorr}
  2511 | D:3      | You fall into a shaft and drop 2 floors!
  2511 | D:5      | Entered Level 5 of the Dungeon
  2531 | D:5      | Noticed a centaur
  2544 | D:5      | Killed a centaur
  2545 | D:5      | Reached XP level 5. HP: 25/40 MP: 5/5
  2549 | D:5      | Reached skill level 3 in Fighting
  2558 | D:5      | Noticed Sigmund
  2694 | D:5      | Noticed Menkaure
  2704 | D:5      | Killed Menkaure
  2705 | D:5      | Reached skill level 4 in Fighting
  2705 | D:5      | Reached XP level 6. HP: 20/48 MP: 6/6
  2893 | D:5      | Noticed Edmund
  2899 | D:5      | Killed Edmund
  2938 | D:4      | Reached XP level 7. HP: 53/55 MP: 7/7
  3046 | D:3      | Reached skill level 5 in Fighting
  3446 | D:4      | Noticed Eustachio
  3457 | D:4      | Killed Eustachio
  3458 | D:4      | Reached skill level 5 in Dodging
  4024 | D:4      | Reached skill level 6 in Fighting
  4416 | D:3      | Reached XP level 8. HP: 60/64 MP: 8/8
  4855 | D:5      | Noticed Prince Ribbit
  4863 | D:4      | Killed Prince Ribbit
  4869 | D:5      | Reached skill level 7 in Fighting
  4932 | D:5      | Identified a scroll of acquirement
  4932 | D:5      | Acquired the ring "Nimucenu" {Will+ rCorr AC+4 Stlth+}
  4942 | D:5      | Killed Sigmund
  4997 | D:5      | Noticed a two-headed ogre
  5037 | D:5      | Killed a two-headed ogre
  5038 | D:5      | Reached skill level 8 in Fighting
  5038 | D:5      | Reached XP level 9. HP: 44/75 MP: 9/9
  5571 | D:6      | Reached skill level 9 in Fighting
  5701 | D:6      | Found a glowing drain.
  5733 | Sewer    | Entered a sewer
  5882 | Sewer    | Reached skill level 10 in Fighting
  6314 | D:6      | Reached skill level 5 in Armour
  6543 | D:6      | Reached XP level 10. HP: 85/85 MP: 10/10
  6548 | D:6      | Found a staircase to the Ecumenical Temple.
  6554 | Temple   | Entered the Ecumenical Temple
  6721 | Temple   | Became a worshipper of Makhleb the Destroyer
  7182 | D:6      | Reached skill level 1 in Axes
  7341 | D:7      | Found a shimmering blue altar of Sif Muna.
  7342 | D:7      | Found a radiant altar of Vehumet.
  7606 | D:7      | Found a runed translucent gate.
  7606 | D:7      | Found a runed translucent gate.
  7607 | D:7      | Found a runed translucent gate.
  7610 | D:7      | Noticed ytrimaz's ghost (novice DsTm)
  7670 | D:7      | Found Seisanoo's General Store.
  8500 | D:8      | Noticed a two-headed ogre
  8519 | D:8      | Killed a two-headed ogre
  8520 | D:8      | Reached skill level 5 in Axes
  8618 | D:8      | Reached * piety under Makhleb
  8709 | D:8      | Upgraded the game from 0.29-a0-1043-g569b05d6ff to
                  | 0.29-a0-1065-g47a6bb87d6
  8852 | D:8      | Found a glowing silver altar of Zin.
  8936 | D:9      | Noticed a two-headed ogre
  8947 | D:8      | Killed a two-headed ogre
  9065 | D:9      | Found a staircase to the Lair.
  9287 | D:9      | Reached XP level 11. HP: 91/91 MP: 11/11
  9301 | D:9      | Reached ** piety under Makhleb
  9813 | D:10     | Entered Level 10 of the Dungeon
  9823 | D:10     | Noticed Fannar
  9839 | D:10     | Killed Fannar
  9885 | D:10     | Found a portal to a secret trove of treasure.
 10052 | D:10     | Found a bloodstained altar of Trog.
 10271 | D:10     | Reached skill level 1 in Invocations
 10271 | D:10     | Reached skill level 1 in Evocations
 10414 | Lair:1   | Entered Level 1 of the Lair of Beasts
 10419 | Lair:1   | Found a gate leading to a gauntlet.
 10428 | Gauntlet | Entered a Gauntlet
 10428 | Gauntlet | Found a transporter.
 10437 | Gauntlet | Noticed a shining eye
 10443 | Gauntlet | Found a transporter.
 10452 | Gauntlet | Found a transporter.
 10457 | Gauntlet | Found a transporter.
 10462 | Gauntlet | Noticed a balrug
 10473 | Gauntlet | Found a transporter.
 10492 | Gauntlet | Found a transporter.
 10501 | Gauntlet | Noticed a death scarab
 10502 | Gauntlet | Noticed a death scarab
 10504 | Gauntlet | Found a transporter.
 10507 | Gauntlet | Noticed a spectral catoblepas
 10509 | Gauntlet | Noticed a spectral catoblepas
 10510 | Gauntlet | Found a transporter.
 10512 | Gauntlet | Found a transporter.
 10530 | Gauntlet | Noticed a spectral death yak
 10531 | Gauntlet | Noticed a fire crab
 10537 | Gauntlet | Found a transporter.
 10539 | Gauntlet | Found a transporter.
 10549 | Gauntlet | Found a transporter.
 10558 | Gauntlet | Found a transporter.
 10564 | Gauntlet | Found a transporter.
 10566 | Gauntlet | Found a transporter.
 10583 | Gauntlet | Found a transporter.
 10600 | Gauntlet | Found a transporter.
 10619 | Gauntlet | Found a transporter.
 10621 | Gauntlet | Found a runed translucent gate.
 10621 | Gauntlet | Found a runed translucent gate.
 10621 | Gauntlet | Found a runed translucent gate.
 10624 | Gauntlet | Found a large runed translucent door.
 10624 | Gauntlet | Found a large runed translucent door.
 10624 | Gauntlet | Found a large runed translucent door.
 10624 | Gauntlet | Found a large runed translucent door.
 10627 | Gauntlet | Found a large runed translucent door.
 10627 | Gauntlet | Found a large runed translucent door.
 10629 | Gauntlet | Found a large runed translucent door.
 10629 | Gauntlet | Found a large runed translucent door.
 10631 | Gauntlet | Found a large runed translucent door.
 10631 | Gauntlet | Found a large runed translucent door.
 10631 | Gauntlet | Found a runed translucent door.
 10631 | Gauntlet | Found a runed translucent door.
 10632 | Gauntlet | Found a large runed translucent door.
 10633 | Gauntlet | Found a large runed translucent door.
 10642 | Gauntlet | Found a large runed translucent door.
 10642 | Gauntlet | Found a large runed translucent door.
 10643 | Gauntlet | Found a large runed translucent door.
 10644 | Gauntlet | Found a large runed translucent door.
 10681 | Gauntlet | Gained mutation: Your spells are a little easier to cast,
                  | but a little less powerful. [a shining eye]
 10682 | Gauntlet | Paralysed by a floating eye for 3 turns
 10688 | Gauntlet | Gained mutation: Your spells are easier to cast, but less
                  | powerful. [a shining eye]
 10689 | Gauntlet | Killed a shining eye
 10796 | Gauntlet | Killed a fire crab
 10840 | Gauntlet | Reached *** piety under Makhleb
 10843 | Gauntlet | Identified the amulet of Wonder {Acrobat Harm rC- Regen+
                  | Int-4}
 10846 | Gauntlet | Reached skill level 10 in Dodging
 10903 | Gauntlet | Found the +4 moon troll leather armour {Spirit, Regen++
                  | MP+5}
 10903 | Gauntlet | Noticed a minotaur
 10915 | Gauntlet | Killed a minotaur
 10916 | Gauntlet | Reached XP level 12. HP: 88/97 MP: 14/14
 10974 | Lair:1   | Reached skill level 10 in Axes
 11454 | Lair:1   | Reached skill level 5 in Invocations
 11794 | Lair:2   | Reached **** piety under Makhleb
 11818 | Lair:2   | Noticed a six-headed hydra
 11827 | Lair:2   | Killed a six-headed hydra
 11883 | Lair:2   | Noticed an eight-headed hydra
 11895 | Lair:2   | Killed an eight-headed hydra
 11936 | Lair:2   | Noticed a six-headed hydra
 11939 | Lair:2   | Noticed a quicksilver ooze
 11939 | Lair:2   | a six-headed hydra changed into a quicksilver ooze
 11943 | Lair:2   | Killed a quicksilver ooze
 11952 | Lair:2   | Found a staircase to the Snake Pit.
 11997 | Lair:2   | Noticed Maggie
 11998 | Lair:2   | Found a transporter.
 12001 | Lair:2   | Noticed pigah's ghost (journeyman OpAE)
 12004 | Lair:2   | Killed Maggie
 12006 | Lair:2   | Found a transporter.
 12093 | Lair:2   | Noticed Gastronok
 12122 | Lair:2   | Killed Gastronok
 12123 | Lair:2   | Reached XP level 13. HP: 80/103 MP: 18/18
 12602 | Lair:2   | Learned a level 2 spell: Poisonous Vapours
 12607 | Lair:2   | Learned a level 4 spell: Olgreb's Toxic Radiance
 12690 | Lair:3   | Reached skill level 1 in Spellcasting
 12690 | Lair:3   | Reached skill level 1 in Poison Magic
 12780 | Lair:3   | Found a staircase to the Swamp.
 13546 | Lair:3   | Found a broken altar of Ashenzari.
 13966 | Lair:3   | Reached skill level 5 in Poison Magic
 14205 | Lair:4   | Reached XP level 14. HP: 92/110 MP: 20/20
 14422 | Lair:4   | Found a staircase to the Slime Pits.
 14912 | Lair:5   | Entered Level 5 of the Lair of Beasts
 14923 | Lair:4   | Reached skill level 5 in Spellcasting
 15284 | Lair:5   | Identified the +9 spear of Reapportionment {venom, rElec
                  | Int+2 Dex+5}
 16050 | Lair:5   | Noticed a dire elephant
 16243 | Lair:5   | Killed a dire elephant
 16743 | D:11     | Found a staircase to the Orcish Mines.
 16966 | D:11     | Paralysed by a hornet for 1 turns
 16978 | D:11     | Reached XP level 15. HP: 38/115 MP: 25/25
 17433 | D:11     | Noticed a frost giant
 17441 | D:11     | Killed a frost giant
 17444 | D:11     | Noticed a storm dragon
 17570 | D:11     | Got the Octavo of Conjuration and Coordinates
 17931 | D:11     | Noticed Urug
 17954 | D:11     | Killed Urug
 18487 | Orc:1    | Entered Level 1 of the Orcish Mines
 18487 | Orc:1    | Found Ralynuc's Jewellery Boutique.
 18692 | Orc:2    | Entered Level 2 of the Orcish Mines
 19219 | Orc:2    | Reached skill level 11 in Fighting
 19516 | Orc:2    | Noticed Josephine
 19542 | Orc:2    | HP: 3/110 [orc priest/divine providence (11)]
 19675 | Orc:1    | Killed Josephine
 19733 | Orc:2    | Found Taock's Antique Weapon Shoppe.
 19733 | Orc:2    | Found Samn's Magic Scroll Shop.
 19733 | Orc:2    | Found Deiff's Antique Weapon Boutique.
 19736 | Orc:2    | Found Petemel's Armour Emporium.
 19741 | Orc:2    | Bought a scroll of enchant armour for 82 gold pieces
 19741 | Orc:2    | Bought a scroll of brand weapon for 104 gold pieces
 19766 | Orc:2    | Found Piojiykk's Antique Armour Emporium.
 19778 | Orc:2    | Bought a pair of fine gloves for 266 gold pieces
 19778 | Orc:2    | Identified the +2 pair of gloves of Trial and Error {Dex+6}
                  | (You bought it in a shop on level 2 of the Orcish Mines)
 19837 | Orc:2    | Reached ***** piety under Makhleb
 19894 | Orc:2    | Found a staircase to the Elven Halls.
 19905 | Orc:2    | Reached skill level 12 in Fighting
 20491 | D:12     | Found a frozen archway.
 20527 | IceCv    | Entered an ice cave
 21062 | IceCv    | Reached skill level 13 in Fighting
 21224 | IceCv    | Identified the +10 war axe of Taxation {vorpal, Will+}
 21262 | IceCv    | Acquired the +3 warlock's mirror {reflect}
 21262 | IceCv    | Found the +3 warlock's mirror {reflect}
 21569 | D:12     | Noticed Nessos
 21579 | D:12     | Noticed Jorgrun
 21617 | D:12     | Noticed Lodul
 21632 | D:12     | Killed Lodul
 21675 | D:12     | Identified the +9 sling of Grace {freeze, rPois Int-5
                  | Dex+3}
 21726 | D:12     | Noticed Rupert
 22811 | D:13     | Reached XP level 16. HP: 124/132 MP: 27/27
 22893 | D:13     | Reached skill level 14 in Fighting
 22909 | D:13     | Reached ****** piety under Makhleb
 22928 | D:13     | Found a gate to the Vaults.
 23393 | D:14     | Noticed Snorg
 23503 | D:13     | Killed Snorg
 23639 | D:14     | Found a runed translucent gate.
 23639 | D:14     | Found a runed translucent gate.
 23639 | D:14     | Found a runed translucent gate.
 23643 | D:14     | Noticed Jekitz's ghost (journeyman MiBe)
 23707 | D:14     | Reached skill level 15 in Fighting
 24037 | D:14     | Reached skill level 16 in Fighting
 24261 | D:14     | Found Tenieffy's Magic Scroll Shop.
 24656 | D:15     | Entered Level 15 of the Dungeon
 25262 | D:15     | Found a staircase to the Depths.
 25577 | D:15     | Reached skill level 17 in Fighting
 26148 | Snake:1  | Entered Level 1 of the Snake Pit
 26602 | Snake:2  | Reached skill level 18 in Fighting
 26730 | Snake:1  | Reached XP level 17. HP: 148/150 MP: 28/28
 26964 | Snake:2  | Noticed Aizul
 27137 | Swamp:1  | Entered Level 1 of the Swamp
 27709 | Swamp:1  | Reached skill level 19 in Fighting
 27934 | Swamp:2  | Reached skill level 5 in Evocations
 28272 | Swamp:2  | Found a one-way gate to the infinite horrors of the Abyss.
 28277 | Swamp:2  | Found a corrupted altar of Lugonu.
 29276 | Swamp:4  | Entered Level 4 of the Swamp
 29781 | Swamp:4  | Noticed Mara
 30156 | Snake:2  | Killed Aizul
 30173 | Snake:2  | Reached skill level 10 in Invocations
 30661 | Snake:3  | Reached XP level 18. HP: 145/160 MP: 29/29
 30802 | Snake:3  | Noticed Roxanne
 31073 | Snake:3  | Found Buipif's Antique Weapon Boutique.
 31094 | Snake:3  | Noticed Bai Suzhen
 31198 | Snake:3  | Killed Bai Suzhen
 31282 | Snake:3  | Bought the +8 mithril axe "Arga" {speed, Will+} for 1421
                  | gold pieces
 31282 | Snake:3  | Found the +8 mithril axe "Arga" {speed, Will+}
 31335 | Snake:3  | Noticed Kirke
 31343 | Snake:3  | Killed Kirke
 31721 | Snake:4  | Entered Level 4 of the Snake Pit
 33694 | Snake:4  | Got a serpentine rune of Zot
 34406 | Vaults:1 | Entered Level 1 of the Vaults
 34451 | Vaults:1 | Reached skill level 15 in Axes
 34920 | Vaults:1 | Reached XP level 19. HP: 147/168 MP: 30/30
 36218 | Vaults:1 | Found Kouh's Antique Weapon Boutique.
 36263 | Vaults:1 | Identified the +7 arbalest "Jeqiengy" {elec, Int+2}
 37182 | Vaults:2 | Found a staircase to the Crypt.
 37182 | Vaults:2 | Found an ancient bone altar of Kikubaaqudgha.
 37182 | Vaults:2 | Found a basalt altar of Yredelemnul.
 37230 | Vaults:2 | Reached skill level 1 in Shields
 37351 | Vaults:2 | Reached skill level 5 in Shields
 38006 | Vaults:2 | Identified the +9 halberd "Oliom" {freeze, rC+ Str+3 Dex+3}
 38051 | Vaults:2 | Reached XP level 20. HP: 135/173 MP: 23/31
 38903 | Vaults:2 | Found a huge runed gate.
 38903 | Vaults:2 | Found a huge runed gate.
 38903 | Vaults:2 | Found a huge runed gate.
 38903 | Vaults:2 | Found a huge runed gate.
 38904 | Vaults:2 | Found a huge runed gate.
 38904 | Vaults:2 | Found a huge runed gate.
 38904 | Vaults:2 | Found a huge runed gate.
 38904 | Vaults:2 | Found a huge runed gate.
 38906 | Vaults:2 | Found a huge runed gate.
 38906 | Vaults:2 | Found a huge runed gate.
 38906 | Vaults:2 | Found a huge runed gate.
 38906 | Vaults:2 | Found a huge runed gate.
 38906 | Vaults:2 | Found a huge runed gate.
 38906 | Vaults:2 | Found a huge runed gate.
 38918 | Vaults:2 | Found a huge runed gate.
 38919 | Vaults:2 | Found a huge runed gate.
 38927 | Vaults:2 | Found a huge runed gate.
 38927 | Vaults:2 | Found a huge runed gate.
 38927 | Vaults:2 | Found a huge runed gate.
 38927 | Vaults:2 | Found a huge runed gate.
 38927 | Vaults:2 | Found a huge runed gate.
 38927 | Vaults:2 | Found a huge runed gate.
 38929 | Vaults:2 | Found a huge runed gate.
 38930 | Vaults:2 | Found a huge runed gate.
 38931 | Vaults:2 | Found a huge runed gate.
 38939 | Vaults:2 | Found a huge runed gate.
 38939 | Vaults:2 | Found a huge runed gate.
 38939 | Vaults:2 | Found a huge runed gate.
 38939 | Vaults:2 | Found a huge runed gate.
 38939 | Vaults:2 | Found a huge runed gate.
 38941 | Vaults:2 | Found a huge runed gate.
 38942 | Vaults:2 | Found a huge runed gate.
 38943 | Vaults:2 | Found a huge runed gate.
 38944 | Vaults:2 | Found a huge runed gate.
 38952 | Vaults:2 | Found a huge runed gate.
 38952 | Vaults:2 | Found a huge runed gate.
 39257 | Vaults:3 | Reached skill level 10 in Shields
 39360 | Vaults:3 | Found Duzas's Distillery.
 39369 | Vaults:3 | Bought a potion of heal wounds for 80 gold pieces
 39369 | Vaults:3 | Bought a potion of heal wounds for 80 gold pieces
 40223 | Vaults:3 | Reached skill level 10 in Poison Magic
 40735 | Vaults:4 | Found a magical portal.
 40749 | WizLab   | Entered Wucad Mu's Monastery
 41063 | WizLab   | Found the +9 staff of Wucad Mu {*channel}
 41125 | WizLab   | Reached skill level 10 in Armour
 41125 | WizLab   | Reached XP level 21. HP: 154/182 MP: 23/32
 41229 | Vaults:4 | Reached skill level 20 in Fighting
 41435 | Vaults:4 | Noticed a golden dragon
 41617 | Vaults:4 | Reached skill level 21 in Fighting
 41867 | Vaults:4 | Noticed Saint Roka
 41898 | Vaults:4 | Killed Saint Roka
 42188 | Vaults:4 | Reached skill level 22 in Fighting
 42507 | Depths:1 | Entered Level 1 of the Depths
 42813 | Depths:1 | Found a gateway to Hell.
 42876 | Depths:1 | Found a one-way gateway to a ziggurat.
 43003 | Depths:1 | Identified the +1 ring mail "Corchott" {rElec rPois}
 43026 | Depths:1 | Reached skill level 23 in Fighting
 43395 | Depths:1 | Identified the amulet of Hushrapa {Acrobat rCorr Int+4}
 43464 | Depths:2 | Found a white marble altar of Elyvilon.
 43514 | Depths:2 | Reached XP level 22. HP: 130/200 MP: 19/33
 44087 | Depths:2 | Gained mutation: Armour fits poorly on your strangely
                  | shaped body. [a neqoxec]
 44115 | Depths:2 | Found a one-way gate leading to the halls of Pandemonium.
 46810 | Depths:2 | Found a runed translucent door.
 46879 | Depths:2 | Found a runed translucent door.
 47580 | D:7      | Bought a scroll of enchant armour for 112 gold pieces
 47709 | Elf:1    | Entered Level 1 of the Elven Halls
 48100 | Elf:1    | Reached skill level 10 in Evocations
 48222 | Elf:1    | Got Vehumet's Collected Works on Blasting
 48327 | Elf:1    | Found Nuhirphiph's Armour Boutique.
 49706 | Elf:2    | Found a runed translucent gate.
 49747 | Elf:2    | Found a runed translucent gate.
 49747 | Elf:2    | Found a runed translucent gate.
 50019 | Elf:3    | Entered Level 3 of the Elven Halls
 50106 | Elf:3    | Found Riptoh's General Store.
 50106 | Elf:3    | Found Zaloqa's Assorted Antiques.
 50115 | Elf:3    | Bought a scroll of summoning for 180 gold pieces
 50136 | Elf:3    | Found Ifenoh's Armour Boutique.
 50258 | Elf:3    | Identified the ring "Leweh" {rC+ rCorr Str+3 Dex+6 Stlth-}
 50587 | Elf:3    | Reached skill level 1 in Air Magic
 50590 | Elf:3    | Reached XP level 23. HP: 189/207 MP: 19/35
 50805 | Elf:3    | Identified the amulet "Nonkibuudd" {Faith Harm Str+5}
 51437 | Elf:3    | Identified the +6 great mace of Yfoiz {venom, *Rage Str+5
                  | Dex+4}
 51437 | Elf:3    | Identified the amulet of Kummuix {Rampage Drain rC+++
                  | Regen+ Str-4}
 52073 | Elf:3    | Identified the +6 falchion "Ishuc" {distort, Fly rF- Int+5
                  | Stlth+}
 52100 | Elf:3    | HP: 6/185 [deep elf master archer/arrow (25)]
 52104 | Elf:3    | HP: 2/185 [deep elf master archer/arrow (29)]
 52105 | Elf:3    | Shot with an arrow by a deep elf master archer

Illustrated notes

Levels and vault maps discovered:
D:1:      minmay_arrival_loop, layout_basic, serial_shops, shop,
          basic_ecumenical_altar
D:2:      layout_basic, basic_altar, nicolae_eternal_life, minmay_nonomino_d4
D:3:      layout_basic, minmay_misc_feat_chi
D:4:      layout_loops_ring, uniq_eustachio
D:5:      layout_rooms, saegor_snake_ambush, uniq_prince_ribbit1, uniq_menkaure,
          uniq_edmund, uniq_sigmund
D:6:      minmay_angry_zag, layout_loops_ring, minmay_temple_entry_fiery,
          portal_sewer_entry_a, chequers_serial_rivers_large_b, minmay_ruffians
D:7:      layout_basic, mainiacjoe_overflow_divided_tiny, serial_shops,
          nicolae_shop_behind_doors, ebering_ghost_rock_garden
D:8:      layout_cave_pools, overflow_temple_1_default
D:9:      layout_roguey, dpeg_oklobed_lair
D:10:     layout_basic, trog_three_pillars_becter, nicolae_trove_entry_isolated,
          uniq_fannar
D:11:     minmay_the_grid_3x3 [minmay_the_grid_medium_cups,
          minmay_the_grid_garden, minmay_the_grid_small_cups,
          minmay_the_grid_dragon_b, minmay_the_grid_mess,
          minmay_the_grid_pillar_ring, minmay_the_grid_dragon_a,
          minmay_the_grid_large_cup, minmay_the_grid_prize_diamond_cup],
          layout_grid_maze, orc_0_dummy, amcnicky_mini_corridor_feature,
          uniq_urug
D:12:     layout_long_grid, portal_ice_cave_entry_imps, uniq_lodul, uniq_rupert,
          uniq_jorgrun, uniq_nessos
D:13:     layout_basic, hangedman_vaults_entry_quadrant_bands,
          minmay_misc_feat_secret_circle
D:14:     kennysheep_room_grid, layout_small_grid, gammafunk_ghost_spectres,
          serial_shops, kennysheep_mini, uniq_snorg
D:15:     gammafunk_enter_depths_forms, layout_long_grid, minmay_misc_feat_alley
Temple:   mainiacjoe_temple_coin_purse
Lair:1:   layout_concentric_octagons, gauntlet_entry_generic,
          serial_bayou_pond_c
Lair:2:   layout_regular_city, minmay_snake_entry_spellcaster,
          gammafunk_ghost_arena, uniq_gastronok, uniq_maggie
Lair:3:   nzn_winding_woodlands_medium [nzn_winding_woodlands_5x5_cross,
          nzn_winding_woodlands_5x15_lazy_stream,
          nzn_winding_woodlands_5x5_perimeter,
          nzn_winding_woodlands_5x5_checkerboard,
          nzn_winding_woodlands_center_triple_pond,
          nzn_winding_woodlands_5x5_three, nzn_winding_woodlands_5x5_default,
          nzn_winding_woodlands_5x15_parted,
          nzn_winding_woodlands_5x5_closed_star], layout_chaotic_city,
          minmay_swamp_entry_reptiles, basic_altar, grunt_megastairs_4
Lair:4:   layout_gridlike, slime_entry_1, lemuel_fruit_tree,
          infiniplex_staircase_pool_2, grunt_megastairs_3
Lair:5:   hangedman_lair_in_review, layout_small_grid
Swamp:1:  layout_basic_swamp, nicolae_swamp_very_dense_foliage
Swamp:2:  layout_basic_swamp, evilmike_swamp_ruin_house_3, swamp_pool2,
          amcnicky_altar_lugonu_corruption
Swamp:3:  layout_falls_marsh, hangedman_swamp_pad
Swamp:4:  byrel_swamp_growth_death_and_undeath, layout_basic_swamp, swamp_pool4,
          hangedman_swamp_diagram, uniq_donald, uniq_mara, uniq_nikola
Snake:1:  layout_rooms, st_stairs_6
Snake:2:  layout_onion_interference, uniq_aizul
Snake:3:  layout_misc_corridors, serial_shops, nicolae_shop_advertising_works
          [nicolae_subvault_shop_adworks], uniq_kirke, uniq_bai_suzhen,
          uniq_roxanne
Snake:4:  minmay_snake_end_coiled, layout_misc_corridors
Orc:1:    layout_caves, serial_shops, shop
Orc:2:    st_orc_rangers, layout_caves, serial_shops, shop_statue,
          bh_open_orc_temple, uniq_josephine
Elf:1:    eino_elf_arrival_customs, layout_loops_corners, serial_shops, shop,
          minmay_elf_annihilation, amcnicky_mini_rare_corridor_liquid
Elf:2:    nicolae_elf_blades_crystal_corner, layout_loops_cross, st_stairs_3
Elf:3:    elf_hall, layout_geoelf_diagonals, serial_shops, nicolae_shop_crystal,
          minmay_shoptagon
Vaults:1: portal_desolation_entry_garden, ontoclasm_vaults_chip, v_misc_15,
          ontoclasm_vaults_loading_screen, vaults_room_guarded_vault,
          ontoclasm_vaults_tryst, vaults_standard_mumra_enter_the_diamond,
          vaults_room_stairs_pillars, hangedman_vaults_slither,
          ontoclasm_vaults_gateway, hangedman_vaults_hat, v_alt_pattern_4,
          ontoclasm_vaults_shuriken, nicolae_vaults_yaktaur_gun_rack,
          layout_vaults_maze, serial_shops, nicolae_shop_hallway_stairs
Vaults:2: nicolae_vaults_border_crossing, dpeg_vaults_monster_row,
          vaults_room_door_hall, v_pattern_2, ontoclasm_vaults_gallery,
          v_misc_28, v_misc_26, not_door_vault_mu,
          minmay_crypt_entry_necro_gods, vaults_room_door_ring,
          hangedman_vaults_corner_blocks, vaults_dpeg_encased_lava,
          vaults_room_hallway, ontoclasm_vaults_loading_screen,
          layout_vaults_omnibox
Vaults:3: v_alt_pattern_3, vaults_mumra_hexcomb, nicolae_vaults_shelves_hall,
          layout_vaults_quadrants, serial_shops, shop
Vaults:4: infiniplex_enter_wizlab_water, nicolae_vaults_rhombus_5,
          nicolae_vaults_circle_grid_a, v_misc_28, v_misc_14,
          nicolae_vaults_ring_of_whatevers, vaults_room_pool,
          nicolae_vaults_specimen_jars, layout_vaults_big_room, uniq_saint_roka
Depths:1: layout_cross, enter_ziggurat_f, grunt_hell_entry_dis_grunt,
          minmay_splitting_lines, nrook_loot_triangle, drop_trap,
          nrook_pool_corridor, minmay_acid_items
Depths:2: cheibrodos_witchhunters_guild, layout_basic, hangedman_coc_ice_floe,
          roderic_roman_lattice, grunt_pan_entry_spiral, elyvilon_altar_1,
          serial_bayou_shore_a

Skill      XL: |  1  2  3  4  5  6  7  8  9 10 11 12 13 14 15 16 17 18 19 20 21 22 23 |
---------------+----------------------------------------------------------------------+-----
Polearms       | 5 6 7 |  7.3
Armour         | 1 2 4 5 6 7 8 9 10 | 10.2
Fighting       | 4 6 8 10 13 18 19 23 | 23.2
Dodging        | 5 7 9 10 12 | 12.5
Axes           | 7 9 11 12 13 15 16 17 | 17.7
Invocations    | 3 7 10 11 12 14 | 14.6
Evocations     | 3 4 7 8 11 | 11.4
Spellcasting   | 4 6 7 8 |  8.8
Poison Magic   | 5 8 9 10 11 | 11.2
Shields        | 9 11 | 11.3
Air Magic      | 1 3 |  3.4
Throwing       | |  2.0

Action                   |  1- 3 |  4- 6 |  7- 9 | 10-12 | 13-15 | 16-18 | 19-21 | 22-24 || total
-------------------------+-------+-------+-------+-------+-------+-------+-------+-------++-------
Melee: Trident           |    81 |       |       |       |       |       |       |       ||    81
       Broad axe         |     9 |    35 |   219 |   340 |   990 |  1667 |  1370 |   907 ||  5537
       Punch             |     1 |       |     3 |       |       |       |       |       ||     4
       Tailslap          |       |       |     2 |       |     2 |    20 |     1 |     1 ||    26
 Fire: Sling             |     1 |       |       |       |       |       |       |       ||     1
Throw: Javelin           |     3 |       |       |     1 |       |       |       |       ||     4
       Stone             |     3 |       |       |       |       |       |       |       ||     3
       Throwing net      |     1 |     3 |       |       |     1 |       |       |       ||     5
       Dart              |       |       |     8 |     4 |       |       |       |       ||    12
 Cast: Olgreb's Toxic Ra |       |       |       |       |     1 |       |   100 |    97 ||   198
       Poisonous Vapours |       |       |       |       |     3 |       |    22 |    57 ||    82
Invok: Lesser Servant of |       |       |       |     3 |    34 |    11 |    14 |     4 ||    66
       Major Destruction |       |       |       |       |     4 |       |       |     2 ||     6
       Greater Servant o |       |       |       |       |       |     3 |     4 |     6 ||    13
Evoke: Wand              |       |       |       |    15 |     8 |     2 |       |    11 ||    36
       Box of beasts     |       |       |       |       |     2 |     1 |     1 |     1 ||     5
       Tin of tremorston |       |       |       |       |     2 |       |       |     3 ||     5
       Piece from Xom's  |       |       |       |       |       |     3 |       |     2 ||     5
       Condenser vane    |       |       |       |       |       |       |       |     2 ||     2
  Use: Scroll            |       |     8 |    10 |     6 |    15 |     5 |     6 |     7 ||    57
       Potion            |       |     1 |       |     2 |     6 |       |    11 |     8 ||    28
 Stab: Held in net/web   |       |     2 |       |       |       |       |       |       ||     2
       Sleeping          |       |       |     1 |       |     2 |     6 |       |       ||     9
       Petrified         |       |       |       |       |     4 |       |       |       ||     4
       Distracted        |       |       |       |       |     2 |    11 |     6 |     4 ||    23
       Petrifying        |       |       |       |       |     1 |       |       |     1 ||     2
       Invisible         |       |       |       |       |       |       |     4 |       ||     4
Armor: Leather armour    |    15 |       |       |       |       |       |       |       ||    15
       Scale mail        |    14 |    17 |    88 |       |       |       |       |       ||   119
       Skin              |       |       |     2 |       |       |       |       |       ||     2
       Fire dragon scale |       |       |    36 |   213 |   796 |   833 |   566 |   263 ||  2707
Dodge: Dodged            |    45 |    22 |   167 |   220 |  1126 |  1167 |   628 |   423 ||  3798
Block: Buckler           |       |       |       |       |    22 |   606 |   573 |   373 ||  1574
       Reflection        |       |       |       |       |     1 |    80 |    64 |    58 ||   203

Table legend: (Time is in decaauts)
 A = Elapsed time spent in this place.
 B = Non-inter-level travel time spent in this place.
 C = Inter-level travel time spent in this place.
 D = Time resting spent in this place.
 E = Time spent auto-exploring this place.
 F = Levels seen in this place.
 G = Mean time per level.
                   A        B        C        D        E       F      G
               +--------+--------+--------+--------+--------+-----+--------+
         Total |  50615 |  47602 |   3013 |  12880 |  20406 |  44 | 1150.3 |
       Dungeon |  18336 |  17000 |   1336 |   4234 |   7943 |  15 | 1222.4 |
        Temple |    180 |    159 |     21 |      0 |     86 |   1 |  180.0 |
          Lair |   5855 |   5267 |    588 |    729 |   2784 |   5 | 1171.0 |
         Swamp |   2428 |   2347 |     81 |    529 |    965 |   4 |  607.0 |
     Snake Pit |   4887 |   4612 |    275 |   1357 |   1624 |   4 | 1221.8 |
  Orcish Mines |   1796 |   1660 |    136 |    378 |    750 |   2 |  898.0 |
   Elven Halls |   4148 |   4075 |     73 |   1636 |   1495 |   3 | 1382.7 |
        Vaults |   6412 |   6049 |    363 |   1691 |   2654 |   4 | 1603.0 |
        Depths |   4539 |   4401 |    138 |   2203 |   1385 |   2 | 2269.5 |
         Sewer |    221 |    221 |      0 |      0 |     56 |   1 |  221.0 |
      Ice Cave |    911 |    911 |      0 |     82 |    416 |   1 |  911.0 |
        Wizlab |    399 |    399 |      0 |     38 |     35 |   1 |  399.0 |
      Gauntlet |    497 |    497 |      0 |      0 |    209 |   1 |  497.0 |
               +--------+--------+--------+--------+--------+-----+--------+

Top non-repeatable levels by time:
Depths:2: 3709 daAuts
    D:11: 2039 daAuts
Vaults:1: 1993 daAuts
   Elf:3: 1963 daAuts
Vaults:2: 1958 daAuts
    D:13: 1676 daAuts
 Snake:4: 1588 daAuts
 Snake:3: 1511 daAuts
Vaults:3: 1387 daAuts
    D:12: 1383 daAuts
    D:14: 1366 daAuts
   Elf:1: 1350 daAuts
     D:6: 1345 daAuts
  Lair:3: 1344 daAuts
  Lair:5: 1329 daAuts
